 Dungeon Crawl Stone Soup version 0.28-a0-662-g1651b1f1e0 (webtiles) character file.

Game seed: 15535242809050544557

16 flotson the Sneak (level 2, -4/24 HPs)
             Began as a Demonspawn Delver on Oct 14, 2021.
             Succumbed to a gnoll's poison
             ... on level 2 of the Dungeon.
             The game lasted 00:01:05 (376 turns).

flotson the Sneak (Demonspawn Delver)                Turns: 376, Time: 00:01:05

Health: -4/24      AC:  8    Str: 12    XL:     2   Next: 37%
Magic:  2/2        EV:  5    Int: 11    God:
Gold:   27         SH:  0    Dex: 14    Spells: 1/1 levels left

rFire   . . .      SeeInvis .   a - +0 hand axe
rCold   . . .      Faith    .   (no shield)
rNeg    . . .      Spirit   .   i - +0 chain mail
rPois   .          Reflect  .   (no helmet)
rElec   .          Harm     .   (no cloak)
rCorr   .          Rampage  .   (no gloves)
Will    .....                   (no boots)
Stlth   ..........              (no amulet)
HPRegen 0.08/turn               (no ring)
MPRegen 0.08/turn               (no ring)

@: lethally poisoned (-4 -> -39)
A: demonic touch 1
a: no special abilities


You were on level 2 of the Dungeon.
You visited 1 branch of the dungeon, and saw 4 of its levels.

You collected 27 gold pieces.

Inventory:

Hand Weapons
 a - a +0 hand axe (weapon)
Armour
 i - a +0 chain mail (worn)
Wands
 g - a wand of digging (3)
Scrolls
 c - a scroll of fog
 d - a scroll of immolation {unknown}
 e - a scroll of fear
Potions
 b - a potion of cancellation {unknown}
 h - a potion of attraction {unknown}
 j - a potion of might {unknown}


   Skills:
 + Level 3.2 Fighting
 - Level 1.7 Axes
 + Level 1.0 Armour
 + Level 2.1 Dodging
 - Level 4.5 Stealth


You had one spell level left.
You didn't know any spells.
Your spell library was empty.

Dungeon Overview and Level Annotations

Branches:
Dungeon (5/15)
 Temple: D:4-7

Altars:
Makhleb
Uskayaw


Innate Abilities, Weirdness & Mutations

Your touch may inflict minor irresistible damage on your foes.


Message History

There is a stone staircase leading down here.
You hit the endoplasm but do no damage.
The endoplasm hits you but does no damage.
You hit the endoplasm.
You kill the endoplasm!
Your Armour skill increases to level 1!
No target in view!
No target in view!
No target in view!
No target in view!
No target in view!
No target in view!
No target in view!
No target in view!
HP restored.
Found an escape hatch in the floor.
A dart slug comes into view.
Found a burning altar of Makhleb. 4 gnolls come into view.
A gnoll is wielding a +1 flail of venom.
Found 22 stones.
The gnoll shouts! x3
The gnoll moves out of view.
The gnoll hits you but does no damage.
You are poisoned.
You hit the gnoll.
The gnoll is moderately wounded.
You hit the dart slug.
You feel very sick.
The gnoll hits you from afar with a +0 halberd!
The gnoll hits you with a +1 flail of venom.
You are lethally poisoned!
The dart slug launches a dart at you. The slug dart hits you.
* * * LOW HITPOINT WARNING * * *
The gnoll hits you but does no damage.
You are more poisoned.
The gnoll hits you from afar with a +0 halberd.
* * * LOW HITPOINT WARNING * * *
You die...

# ### .### .## .(.
...# ..# #g#
#..##.##..#
####..#..g.####
.......wgg.....
...####.# #
_.....#@### .
...##.!...# .# #
...>......# ##.#.#
..........#####.....#
.............#.......
..........##>>.......
......#..............
......##...#.........
.....<..##...........


You could see 3 gnolls and a dart slug.

Vanquished Creatures
  An adder (D:3)
  An orc (D:3)
  A ball python (D:2)
  2 endoplasms (D:2)
5 creatures vanquished.

Notes
Turn   | Place    | Note
-------+----------+-------------------------------------------
     0 | D:5      | flotson the Demonspawn Delver began the quest for the Orb.
     0 | D:5      | Reached XP level 1. HP: 18/18 MP: 1/1
    41 | D:5      | Noticed a jelly
    76 | D:5      | Noticed a +0 spear
    77 | D:5      | Noticed a +0 dagger
    77 | D:5      | Noticed a +0 spear
    78 | D:5      | Noticed a +0 falchion
    78 | D:5      | Noticed a +0 dagger
    80 | D:5      | Noticed a +0 short sword
    81 | D:5      | Noticed a +0 falchion
    85 | D:5      | Noticed a +0 short sword
    90 | D:5      | Found a hide-covered altar of Uskayaw.
   182 | D:4      | Noticed a howler monkey
   214 | D:3      | Gained mutation: Your touch may inflict minor irresistible
                  | damage on your foes. [demonic ancestry]
   214 | D:3      | Reached XP level 2. HP: 20/24 MP: 2/2
   303 | D:3      | Noticed a phantom
   327 | D:2      | Reached skill level 1 in Armour
   372 | D:2      | Found a burning altar of Makhleb.
   376 | D:2      | Succumbed to a gnoll's poison

Illustrated notes

Levels and vault maps discovered:
D:2:      layout_rooms, ebering_ecumenical_altar_petrified, basic_altar
D:3:      layout_loops_ring, serial_shops, nicolae_shop_trees
D:4:      layout_basic, trog_three_pillars_becter, uniq_pikel
D:5:      layout_basic, nicolae_uskayaw_en_pointe, serial_rivers,
          chequers_serial_rivers_marsh, chequers_serial_rivers_marsh,
          chequers_serial_rivers_large_b, chequers_serial_rivers_marsh,
          chequers_serial_rivers_micro_d, chequers_serial_rivers_micro_c

Skill      XL: |  1  2 |
---------------+-------+-----
Dodging        | 2 |  2.1
Armour         | 1 |  1.0
Fighting       | |  3.2
Axes           | |  1.7
Stealth        | |  4.5

Action                   || total
-------------------------++-------
Melee: Hand axe          ||    15
       Touch             ||     2
  Use: Scroll            ||     1
       Potion            ||     1
Armor: Chain mail        ||     9

Table legend: (Time is in decaauts)
 A = Elapsed time spent in this place.
 B = Non-inter-level travel time spent in this place.
 C = Inter-level travel time spent in this place.
 D = Time resting spent in this place.
 E = Time spent auto-exploring this place.
 F = Levels seen in this place.
 G = Mean time per level.
                   A        B        C        D        E       F      G
               +--------+--------+--------+--------+--------+-----+--------+
         Total |    358 |    314 |     44 |      0 |    182 |   4 |   89.5 |
       Dungeon |    358 |    314 |     44 |      0 |    182 |   4 |   89.5 |
               +--------+--------+--------+--------+--------+-----+--------+

Top non-repeatable levels by time:
     D:5: 158 daAuts
     D:3: 104 daAuts
     D:2: 56 daAuts
     D:4: 39 daAuts
